 Dungeon Crawl Stone Soup version 0.19.0-19-g8c6edcc (console) character file.

217602 Kloppie the Warrior (level 18, 0/160 HPs)
             Began as a Demonspawn Berserker on Nov 13, 2016.
             Was an Elder of Trog.
             Shot with an arrow by a naga sharpshooter (11 damage)
             ... on level 4 of the Snake Pit.
             The game lasted 01:14:40 (40902 turns).

Kloppie the Warrior (Demonspawn Berserker)         Turns: 40902, Time: 01:14:41

Health: 0/160      AC: 24    Str: 26    XL:     18   Next: 39%
Magic:  0/3        EV: 16    Int: 13    God:    Trog [****..]
Gold:   1672       SH: 19    Dex: 19    Spells: 0 memorised, 17 levels left

rFire  + . .     SeeInvis +     a - +2 demon whip (antimagic)
rCold  + + .     Gourm    .     B - +1 chain mail of Hepliaklqana {rElec SInv}
rNeg   + . .     Faith    .     K - +0 shield of Fun and Games {rF+}
rPois  +         Spirit   .     (helmet unavailable)
rElec  +         Reflect  +     s - +0 cloak {rC+}
rCorr  .         Harm     .     N - +1 pair of gloves {Str+3}
MR     ++++.                    k - +2 pair of boots of the Sacrificial Victim {rN+ MP-9 Int+3}
Stlth  ..........               u - +4 amulet of reflection
                                e - ring of protection from magic
                                g - ring of poison resistance

@: mighty, regenerating
A: antennae 3, yellow scales 2, cold resistance 1, demonic guardian 1, powered
by pain 3
a: Berserk, Trog's Hand, Brothers in Arms, Burn Spellbooks, Renounce Religion
}: 1/15 runes: decaying


You were on level 4 of the Snake Pit.
You worshipped Trog.
Trog was greatly pleased with you.
You were hungry.

You visited 5 branches of the dungeon, and saw 31 of its levels.
You also visited: Labyrinth, Bailey and Ice Cave.

You collected 4231 gold pieces.
You spent 2559 gold pieces at shops.

Inventory:

Hand Weapons
 a - a +2 antimagic demon whip (weapon)
 x - the +6 longbow "Lifebane" {speed, rElec}
   (Trog gifted it to you in an ice cave)

   Attacks with this weapon are significantly faster.
   It insulates you from electricity.
 L - a +5 demon whip of flaming
Armour
 h - the +11 plate armour of Dim Light {rF+ MR+}
   (You bought it in a shop on level 2 of the Orcish Mines)

   It protects you from fire.
   It affects your resistance to hostile enchantments.
 k - the +2 pair of boots of the Sacrificial Victim (worn) {rN+ MP-9 Int+3}
   (You bought it in a shop on level 4 of the Dungeon)

   It affects your intelligence (+3).
   It protects you from negative energy.
   It affects your magic capacity (-9).
 s - a +0 cloak of cold resistance (worn)
 B - the +1 chain mail of Hepliaklqana (worn) {rElec SInv}
   (You bought it in a shop on level 2 of the Orcish Mines)

   It insulates you from electricity.
   It lets you see invisible.
 K - the +0 shield of Fun and Games (worn) {rF+}
   (You bought it in a shop on level 2 of the Orcish Mines)

   It protects you from fire.
 N - a +1 pair of gloves of strength (worn)
 S - +0 ice dragon scales
Rods
 f - a +0 rod of ignition (12/12)
   (You took it off a minotaur in a labyrinth)
Jewellery
 e - a ring of protection from magic (right hand)
 g - a ring of poison resistance (left hand)
 n - an uncursed ring of resist corrosion
 u - a +4 amulet of reflection (around neck)
 v - an uncursed amulet of faith
 w - an uncursed amulet of regeneration
 z - an uncursed ring of protection from cold
Wands
 i - a wand of disintegration (9/24)
 r - a wand of digging (12/24)
 y - a wand of teleportation (0/9)
 G - a wand of acid (11/15)
 H - a wand of disintegration (4/24)
 Q - a wand of digging (15/24)
 T - a wand of enslavement (8/24)
Scrolls
 b - 7 scrolls of fear
 j - 7 scrolls of recharging
 l - 8 scrolls of magic mapping
 p - a scroll of remove curse
 F - 12 scrolls of teleportation
 M - 4 scrolls of blinking
 P - a scroll of fog
Potions
 m - 3 potions of resistance
 o - 5 potions of flight
 t - a potion of magic
 A - 10 potions of curing
 C - 4 potions of cancellation
 D - a potion of heal wounds
 E - 7 potions of haste
 U - a potion of cure mutation
 V - a potion of brilliance
Books
 O - a book of the Dragon

   Spells                             Type                      Level
   a - Flame Tongue                   Conjuration/Fire             1
   b - Cause Fear                     Hexes                        4
   c - Bolt of Fire                   Conjuration/Fire             6
   d - Dragon Form                    Transmutation                7
   e - Dragon's Call                  Summoning                    9
   Trog disapproves of the use of such an item.
Comestibles
 c - 14 bread rations
 d - 14 slices of pizza
 q - 5 beef jerkies
 I - 35 fruits
 J - a meat ration
 R - a royal jelly
 W - 2 chunks of flesh


   Skills:
 - Level 19.3 Fighting
 - Level 12.8 Maces & Flails
 - Level 12.6 Armour
 + Level 9.9 Dodging
 - Level 15.0 Shields


You had 17 spell levels left.
You didn't know any spells.

Dungeon Overview and Level Annotations

Branches:
Dungeon (15/15)            Temple (0/1) D:4            Lair (6/6) D:10
  Swamp (4/4) Lair:3        Snake (4/4) Lair:3        Slime (0/5) Lair:6
    Orc (2/2) D:10            Elf (0/3) Orc:2        Vaults (0/5) D:13
 Depths (0/5) D:15

Altars:
Cheibriados
Elyvilon
Fedhas
Hepliaklqana
Nemelex Xobeh
Sif Muna
Trog
Xom
Yredelemnul
Beogh
Jiyva
Lugonu

Shops:
D:4 [   D:11 :   D:14 *   D:15 *   Orc:1 %[*[[   Orc:2 *[(*

Portals:
Trove: D:13 (give +2 ice dragon scales)

Annotations:
Lair:6 1 runed door
Swamp:3 exclusion: Roxanne, Roxanne


Innate Abilities, Weirdness & Mutations

You have a pair of large antennae on your head. (SInv)
You are mostly covered in yellow scales. (AC +3)
Your flesh is cold resistant. (rC+)
A weak demonic guardian rushes to your aid.
You are powered by pain.


Message History

The arrow hits you!
* * * LOW HITPOINT WARNING * * *
You hit the mana viper.
The mana viper is lightly wounded.
You block the mana viper's attack.
You thrash the mana viper!!
The mana viper is heavily wounded.
The mana viper closely misses you.
The naga sharpshooter spits poison at you.
The splash of poison reflects off an invisible shield around you!
The splash of poison hits the naga sharpshooter.
You closely miss the mana viper.
The mana viper is heavily wounded.
You miss the mana viper.
The mana viper is heavily wounded.
The mana viper bites you!
* * * LOW HITPOINT WARNING * * *
You feel your power leaking away.
The naga sharpshooter shoots an arrow.
The arrow hits you!
You die...

### ##### ###### #.##
##...####.#..# #..##
##..#......#..## ###
#...######..............## ##.#
#........................###..#
........)....................##
.....###........S..........###
..#### #...#####S#.......###
..# ##..#.#.#@###.....# .#+
#..#....5..#....## { .#
##..#...#..##.....# { .#+
#...##N#####.S....## { ..#
#..................#
..####+#.......†)........##
..<...........#+#.......##
.............##.'.....###
..########...+..#....###..


You could see a naga sharpshooter, 2 mana vipers and a friendly iron imp.

Vanquished Creatures
  the Lernaean hydra (Swamp:4)
  2 thorn hunters
  2 nagarajas (Snake:3)
  Aizul (Swamp:1)
  Louise (Snake:4)
  An orc warlord (Orc:1)
  2 ghouls (D:15)
  A stone giant (Orc:2)
  The ghost of Dioneo the Grappler, a journeyman TrFi of Dithmenos (D:12)
  A blizzard demon (IceCv)
  A fire dragon (D:15)
  A minotaur (Lab)
  Harold (Orc:1)
  The ghost of Drunkenshrew the Cleaver, a journeyman MiBe of Trog (Lair:2)
  26 hydras
  An ice dragon (D:15)
  8 naga warriors
  2 ghost crabs (Swamp:4)
  4 vault guards (D:13)
  A merfolk avatar (Lair:6)
  Erica (D:10)
  7 anacondas
  2 death knights (D:15)
  7 alligators
  A centaur warrior (D:15)
  Urug (D:14)
  6 tengu warriors
  2 orc high priests
  The ghost of Timinator the Grappler, a novice TrMo (D:8)
  4 shock serpents
  9 naga sharpshooters
  15 skeletal warriors
  3 salamander mystics
  2 sea snakes (Lair:6)
  2 spriggan druids
  3 shambling mangroves
  4 unseen horrors
  5 naga ritualists
  The ghost of Frenchkiss the Grappler, a novice TrWr (D:7)
  5 hill giants
  A phantasmal warrior (D:15)
  A harpy (Lair:6)
  9 swamp dragons
  4 orc knights
  A deep elf mage (D:14)
  A wolf spider zombie (D:14)
  5 orc sorcerers
  13 mana vipers
  4 cyclopes
  2 manticores
  23 ugly things
  10 salamanders
  Maurice (D:13)
  6 elephants
  34 black mambas
  18 naga magi
  5 guardian serpents
  23 spiny frogs
  2 ice statues (IceCv)
  2 kobold demonologists
  3 rime drakes
  A freezing wraith (D:15)
  9 komodo dragons
  A guardian mummy (D:15)
  3 tengu conjurers
  3 tyrant leeches
  The ghost of Frenchkiss the Ruffian, an amateur TrWr (D:4)
  12 ice devils (IceCv)
  6 meliai (D:13)
  7 trolls
  2 two-headed ogres
  25 slime creatures
  6 polar bears
  33 blink frogs
  A polar bear (shapeshifter) (D:13)
  2 wind drakes (Lair:6)
  8 hornets
  5 dream sheep (Lair:5)
  9 bog bodies
  A meliai zombie (D:13)
  7 hippogriffs
  A shadow (D:13)
  Sigmund (D:5)
  A centaur simulacrum (D:14)
  13 spriggans
  A wraith (D:15)
  24 yaks
  4 wyverns
  Grum (D:8)
  4 basilisks
  2 steam dragons
  6 hungry ghosts
  8 vampire mosquitoes
  23 insubstantial wisps
  4 mottled dragons
  24 swamp worms
  6 wargs
  47 nagas
  20 water moccasins
  12 porcupines
  38 orc warriors
  11 swamp drakes
  An eye of draining (D:12)
  3 ice beasts
  4 sky beasts
  A phantom (D:5)
  A black bear (D:8)
  A hornet zombie (D:15)
  15 wolves
  11 centaurs
  3 boggarts (Lair:4)
  2 necrophages
  10 ogres
  17 crocodiles
  Blork the orc (D:5)
  6 big kobolds
  18 bullfrogs
  2 scorpions
  7 killer bees
  9 wights
  An electric eel (Lair:2)
  4 howler monkeys
  3 bullfrog zombies
  4 crimson imps
  9 centaur zombies
  11 hounds
  6 jellies
  30 orc priests
  A bullfrog skeleton (D:5)
  6 centaur skeletons
  8 iguanas
  21 orc wizards
  7 worker ants
  A hound zombie (D:8)
  2 hound skeletons (D:4)
  A howler monkey zombie (D:6)
  2 worker ant zombies
  A gnoll (Bailey)
  4 adders
  2 shadow imps
  7 white imps (IceCv)
  6 ufetubi (IceCv)
  2 oozes
  2 worms
  A dart slug (D:1)
  8 leopard geckos
  120 orcs
  2 giant cockroaches
  7 goblins
  6 hobgoblins
  17 jackals
  32 kobolds
  6 quokkas
  3 bats (D:1)
  A frilled lizard (D:5)
  A jackal skeleton (D:4)
  A jackal zombie (D:5)
  6 rats
1165 creatures vanquished.

Vanquished Creatures (collateral kills)
  A hydra (Lair:5)
  An anaconda (Snake:2)
  A swamp dragon (Swamp:4)
  A shambling mangrove (Swamp:4)
  An elephant (Lair:1)
  A centaur zombie (D:15)
  A black mamba (Snake:1)
  A naga mage (Snake:4)
  A spiny frog (Lair:1)
  A torpor snail (Lair:6)
  A komodo dragon (D:10)
  3 hornets (Swamp:4)
  2 slime creatures
  A bog body (Swamp:1)
  A spriggan (Swamp:4)
  A yak (Lair:1)
  A swamp worm (Swamp:4)
  A naga (Snake:4)
  An ice beast (D:14)
  An orc (D:13)
23 creatures vanquished.

Vanquished Creatures (others)
  An alligator (Swamp:4)
  A spriggan (Swamp:4)
  A steam dragon (D:6)
  3 white imps (IceCv)
  3 ufetubi (IceCv)
  3 orcs (Orc:2)
  6 kobolds (Bailey)
  5 fungi
  8 plants
  2 withered plants (D:15)
33 creatures vanquished.

Grand Total: 1221 creatures vanquished

Notes
Turn   | Place    | Note
-------+----------+-------------------------------------------
     0 | D:1      | Kloppie the Demonspawn Berserker began the quest for the Orb.
     0 | D:1      | Reached XP level 1. HP: 18/18 MP: 1/1
   146 | D:1      | Gained mutation: You sometimes gain a little power by taking damage. [demonic ancestry]
   146 | D:1      | Reached XP level 2. HP: 24/24 MP: 2/2
   794 | D:1      | Gained mutation: You sometimes gain power by taking damage. [demonic ancestry]
   794 | D:1      | Reached XP level 3. HP: 30/30 MP: 3/3
  1163 | D:2      | Reached ** piety under Trog
  1688 | D:3      | Reached skill level 4 in Fighting
  2331 | D:3      | Found a blossoming altar of Fedhas.
  2554 | D:4      | Reached XP level 4. HP: 35/37 MP: 4/4
  2810 | D:4      | Noticed Frenchkiss's ghost (amateur TrWr)
  2822 | D:4      | Killed Frenchkiss's ghost
  2822 | D:4      | Gained mutation: You have a pair of small antennae on your head. [demonic ancestry]
  2822 | D:4      | Reached XP level 5. HP: 42/42 MP: 5/5
  2822 | D:4      | Reached XP level 6. HP: 48/48 MP: 6/6
  2969 | D:4      | Found Naoreupemp's Antique Armour Boutique.
  2974 | D:4      | Reached skill level 5 in Maces & Flails
  3126 | D:4      | Found a staircase to the Ecumenical Temple.
  3730 | D:5      | Entered Level 5 of the Dungeon
  3860 | D:5      | Gained mutation: You have a pair of antennae on your head. [demonic ancestry]
  3860 | D:5      | Reached XP level 7. HP: 38/54 MP: 7/7
  3955 | D:5      | Noticed Blork the orc
  3966 | D:5      | Killed Blork the orc
  4012 | D:5      | Reached *** piety under Trog
  4348 | D:5      | Noticed Sigmund
  4379 | D:5      | Killed Sigmund
  4379 | D:5      | Gained mutation: You are partially covered in yellow scales. (AC +2) [demonic ancestry]
  4379 | D:5      | Reached XP level 8. HP: 49/61 MP: 8/8
  4451 | D:6      | Reached skill level 5 in Fighting
  4792 | D:6      | Found a deep blue altar of Sif Muna.
  5217 | D:6      | Reached skill level 6 in Fighting
  5605 | D:7      | Found a blossoming altar of Fedhas.
  5685 | D:7      | Noticed Frenchkiss's ghost (novice TrWr)
  5725 | D:7      | Killed Frenchkiss's ghost
  5725 | D:7      | Reached skill level 7 in Fighting
  5725 | D:7      | Gained mutation: You are mostly covered in yellow scales. (AC +3) [demonic ancestry]
  5725 | D:7      | Reached XP level 9. HP: 66/72 MP: 9/9
  5808 | D:7      | Reached **** piety under Trog
  5862 | D:7      | Found a faded altar of an unknown god.
  5862 | D:7      | Found a snail-covered altar of Cheibriados.
  5867 | D:7      | Found a deep blue altar of Sif Muna.
  5869 | D:7      | Found a white marble altar of Elyvilon.
  5871 | D:7      | Found a bloodstained altar of Trog.
  5912 | D:7      | Found a basalt altar of Yredelemnul.
  5926 | D:7      | Reached skill level 8 in Fighting
  6440 | D:8      | Found a hazy altar of Hepliaklqana.
  6483 | D:8      | Noticed Grum
  6508 | D:8      | Killed Grum
  6533 | D:8      | Reached skill level 9 in Fighting
  6756 | D:8      | Identified the Incunabulum of Shape Shifting and Curses
  6879 | D:8      | Gained mutation: You are powered by pain. [demonic ancestry]
  6879 | D:8      | Reached XP level 10. HP: 82/83 MP: 10/10
  7380 | D:8      | Reached skill level 10 in Maces & Flails
  7629 | D:8      | Noticed Timinator's ghost (novice TrMo)
  7646 | D:8      | Killed Timinator's ghost
  7896 | D:9      | Found a shimmering altar of Xom.
  7979 | D:9      | Got a brightly glowing glass ring
  7980 | D:9      | Identified 2 scrolls of acquirement
  8144 | D:9      | Reached ***** piety under Trog
  8321 | D:10     | Entered Level 10 of the Dungeon
  8834 | D:10     | Found a roughly hewn altar of Beogh.
  8834 | D:10     | Found a staircase to the Orcish Mines.
  8884 | D:10     | Noticed Erica
  8893 | D:10     | Killed Erica
  8893 | D:10     | Reached skill level 5 in Armour
  8893 | D:10     | Gained mutation: A weak demonic guardian rushes to your aid. [demonic ancestry]
  8893 | D:10     | Reached XP level 11. HP: 90/90 MP: 11/11
  9400 | D:10     | Noticed a hill giant
  9408 | D:10     | Killed a hill giant
  9552 | D:10     | Found a staircase to the Lair.
  9843 | Lair:1   | Entered Level 1 of the Lair of Beasts
  9847 | Lair:1   | Received a gift from Trog
  9848 | Lair:1   | Got a crude mace {god gift}
  9861 | Lair:1   | Identified the ring "Guiros" {Fire *Slow rElec rN++ Int+4} (You found it on level 9 of the Dungeon)
 10465 | Lair:1   | Gained mutation: You have a pair of large antennae on your head. (SInv) [demonic ancestry]
 10465 | Lair:1   | Reached XP level 12. HP: 66/97 MP: 12/12
 10544 | Lair:1   | Identified the +1 mace "Oguq" {elec, +Blink MR+ Int+2} (Trog gifted it to you on level 1 of the Lair of Beasts)
 10668 | Lair:2   | Reached skill level 10 in Fighting
 10680 | Lair:2   | Noticed Drunkenshrew's ghost (journeyman MiBe)
 10697 | Lair:2   | Killed Drunkenshrew's ghost
 11011 | Lair:2   | Noticed a seven-headed hydra
 11021 | Lair:2   | Killed a seven-headed hydra
 11774 | Lair:3   | Reached skill level 11 in Fighting
 12358 | Lair:3   | Found a staircase to the Swamp.
 12364 | Lair:3   | Noticed a seven-headed hydra
 12371 | Lair:3   | Killed a seven-headed hydra
 12420 | Lair:3   | Found a staircase to the Snake Pit.
 12423 | Lair:3   | Reached skill level 10 in Armour
 12434 | Lair:3   | Reached ****** piety under Trog
 12459 | Lair:3   | Got a blackened scale mail
 12465 | Lair:3   | Identified the cursed +0 scale mail of Defiance {rF+ Int+8 Dex-4} (You found it on level 3 of the Lair of Beasts)
 13318 | Lair:4   | Found a sparkling altar of Nemelex Xobeh.
 13355 | Lair:4   | Noticed a six-headed hydra
 13370 | Lair:4   | Killed a six-headed hydra
 13436 | Lair:4   | Noticed an eight-headed hydra
 13483 | Lair:4   | Noticed a five-headed hydra
 13494 | Lair:4   | Killed a five-headed hydra
 13494 | Lair:4   | Reached skill level 12 in Fighting
 13720 | Lair:4   | Gained mutation: Your flesh is cold resistant. (rC+) [demonic ancestry]
 13720 | Lair:4   | Reached XP level 13. HP: 85/108 MP: 13/13
 13756 | Lair:4   | Received a gift from Trog
 14676 | Lair:5   | Reached skill level 13 in Fighting
 15511 | Orc:1    | Entered Level 1 of the Orcish Mines
 15520 | Orc:1    | Noticed Harold
 15537 | Orc:1    | Killed Harold
 15542 | Orc:1    | Found Coto's Assorted Antiques.
 15569 | Orc:1    | Found Vadoutel's Armour Boutique.
 15619 | Orc:1    | Found Lacuocol's Food Boutique.
 15632 | Orc:1    | Found a flagged portal.
 15642 | Bailey   | Entered a bailey
 15696 | Bailey   | Received a gift from Trog
 15734 | Bailey   | Found a bloodstained altar of Trog.
 15952 | Orc:1    | Found Byab Apn's Armour Shoppe.
 15964 | Orc:1    | Found Kamaguy's Antique Armour Boutique.
 16005 | Orc:2    | Entered Level 2 of the Orcish Mines
 16005 | Orc:2    | Found a staircase to the Elven Halls.
 16256 | Orc:2    | Noticed a stone giant
 16270 | Orc:2    | Killed a stone giant
 16668 | Orc:2    | Found a roughly hewn altar of Beogh.
 16776 | Orc:2    | Found a roughly hewn altar of Beogh.
 16913 | Orc:2    | Noticed an orc warlord
 16967 | Orc:1    | Killed an orc warlord
 17191 | Orc:2    | Received a gift from Trog
 17274 | Orc:2    | Reached skill level 14 in Fighting
 17274 | Orc:2    | Reached XP level 14. HP: 90/120 MP: 14/14
 17343 | Orc:2    | Found a roughly hewn altar of Beogh.
 17343 | Orc:2    | Found Byzosha Qant's Antique Weapon Shoppe.
 17562 | Orc:2    | Found Kewamm's Antique Armour Emporium.
 17567 | Orc:2    | Bought a transparent shield for 209 gold pieces
 17579 | Orc:2    | Bought a pair of embroidered gloves for 231 gold pieces
 17600 | Orc:2    | Identified the cursed +0 shield of Fun and Games {rF+} (You bought it in a shop on level 2 of the Orcish Mines)
 17736 | Orc:2    | Reached skill level 5 in Shields
 17754 | Orc:2    | Found a roughly hewn altar of Beogh.
 17769 | Orc:2    | Found Xautzal's General Store.
 17796 | Orc:2    | Bought the cursed +1 chain mail of Hepliaklqana {rElec SInv} for 370 gold pieces
 17869 | Orc:2    | Found a roughly hewn altar of Beogh.
 17869 | Orc:2    | Found Ymeha's General Store.
 17887 | Orc:2    | Received a gift from Trog
 17909 | Orc:2    | Bought the +11 plate armour of Dim Light {rF+ MR+} for 1464 gold pieces
 18467 | Lair:6   | Entered Level 6 of the Lair of Beasts
 19312 | Lair:6   | Received a gift from Trog
 19429 | Lair:6   | Got a spiked scale mail
 19541 | Lair:6   | Identified the +1 scale mail of Amorality {rElec} (You found it on level 6 of the Lair of Beasts)
 19658 | Lair:6   | Found a runed door.
 19658 | Lair:6   | Found a viscous altar of Jiyva.
 19658 | Lair:6   | Found a staircase to the Slime Pits.
 19658 | Lair:6   | Noticed an acid blob
 19658 | Lair:6   | Noticed an acid blob
 19658 | Lair:6   | Noticed an acid blob
 20292 | D:11     | Found Dike Zodgh's Book Shoppe.
 20435 | D:11     | Reached skill level 10 in Shields
 20814 | D:12     | Noticed Dioneo's ghost (journeyman TrFi)
 20831 | D:12     | Killed Dioneo's ghost
 21071 | D:12     | Got a shimmering ring mail
 21082 | D:12     | Identified the +2 ring mail "Gur Piu" {rF++ MP+9 Int+5} (You found it on level 12 of the Dungeon)
 21492 | D:13     | Noticed Maurice
 21500 | D:13     | Killed Maurice
 21610 | D:13     | Received a gift from Trog
 21633 | D:13     | Got a crystal morningstar {god gift}
 21644 | D:13     | Identified the +3 morningstar of the Ghost {crush, Str+2 Int+6} (Trog gifted it to you on level 13 of the Dungeon)
 21840 | D:13     | Reached XP level 15. HP: 91/126 MP: 15/15
 21878 | D:13     | Found a gate to the Vaults.
 22106 | D:4      | Bought a pair of translucent boots for 285 gold pieces
 22116 | D:4      | Identified the +2 pair of boots of the Sacrificial Victim {rN+ MP-9 Int+3} (You bought it in a shop on level 4 of the Dungeon)
 22844 | D:13     | Found a portal to a secret trove of treasure.
 23359 | Swamp:1  | Entered Level 1 of the Swamp
 23375 | Swamp:1  | Received a gift from Trog
 23746 | Swamp:1  | Noticed Aizul
 23768 | Swamp:1  | Killed Aizul
 25222 | Swamp:3  | Noticed Roxanne
 25359 | Swamp:3  | Noticed a thorn hunter
 25382 | Swamp:3  | Killed a thorn hunter
 26211 | Snake:1  | Entered Level 1 of the Snake Pit
 26687 | Snake:1  | Received a gift from Trog
 26948 | Snake:1  | Reached XP level 16. HP: 133/133 MP: 7/16
 27076 | Snake:1  | Reached skill level 15 in Shields
 27290 | Snake:1  | Found a sparkling altar of Nemelex Xobeh.
 27474 | Snake:1  | Found a blossoming altar of Fedhas.
 27968 | Snake:2  | Reached skill level 5 in Dodging
 27992 | Snake:2  | Found a frozen archway.
 27997 | IceCv    | Entered an ice cave
 28309 | IceCv    | Received a gift from Trog
 28324 | IceCv    | Got a brightly glowing longbow {god gift}
 28625 | Snake:2  | Reached skill level 15 in Fighting
 30751 | Snake:3  | Reached skill level 16 in Fighting
 30777 | Snake:3  | Received a gift from Trog
 32723 | Lair:3   | Reached XP level 17. HP: 135/146 MP: 2/17
 33141 | D:13     | Reached skill level 17 in Fighting
 33295 | D:14     | Received a gift from Trog
 33553 | D:14     | Found Morerr's Assorted Antiques.
 33795 | D:14     | Noticed Urug
 34065 | D:14     | Killed Urug
 34474 | D:14     | Reached skill level 18 in Fighting
 34767 | Swamp:2  | Received a gift from Trog
 34788 | Swamp:4  | Entered Level 4 of the Swamp
 35283 | Swamp:4  | HP: 5/149 [shambling mangrove (26)]
 36125 | Swamp:4  | Noticed the 27-headed Lernaean hydra
 36168 | Swamp:4  | Killed the 27-headed Lernaean hydra
 36308 | Swamp:4  | Received a gift from Trog
 36425 | Swamp:4  | Reached skill level 19 in Fighting
 37557 | Swamp:4  | Got a decaying rune of Zot
 38123 | D:15     | Entered Level 15 of the Dungeon
 38400 | D:15     | Reached XP level 18. HP: 97/160 MP: 3/18
 38434 | D:15     | Found Runlaedd's Sacrilege Store.
 38434 | D:15     | Found a corrupted altar of Lugonu.
 38451 | D:15     | Found a labyrinth entrance.
 38460 | Lab      | Entered a labyrinth
 38936 | D:15     | Received a gift from Trog
 39203 | D:15     | Found a staircase to the Depths.
 39658 | D:15     | Identified the +6 longbow "Lifebane" {speed, rElec} (Trog gifted it to you in an ice cave)
 39953 | Snake:4  | Entered Level 4 of the Snake Pit
 40041 | Snake:4  | Noticed Louise
 40121 | Snake:4  | Killed Louise
 40902 | Snake:4  | Shot with an arrow by a naga sharpshooter

Skill      XL: |  1  2  3  4  5  6  7  8  9 10 11 12 13 14 15 16 17 18 |
---------------+-------------------------------------------------------+-----
Maces & Flails | 3 4 5 6 8 9 11 12 | 12.8
Fighting       | 4 7 9 12 14 16 19 | 19.3
Shields        | 2 3 4 11 14 15 | 15.0
Armour         | 5 8 10 12 | 12.6
Dodging        | 5 6 9 |  9.9

Action                   |  1- 3 |  4- 6 |  7- 9 | 10-12 | 13-15 | 16-18 || total
-------------------------+-------+-------+-------+-------+-------+-------++-------
Melee: Mace              |   164 |    13 |       |       |       |       ||   177
       Whip              |       |    54 |   329 |       |       |       ||   383
       Flail             |       |       |    24 |   158 |       |       ||   182
       Demon whip        |       |       |       |   830 |  2185 |  2783 ||  5798
Invok: Berserk           |     1 |     2 |     6 |     5 |     6 |    14 ||    34
       Trog's Hand       |       |       |     2 |     1 |     6 |    14 ||    23
       Brothers in Arms  |       |       |       |       |       |     1 ||     1
Evoke: Wand              |       |       |       |       |     1 |       ||     1
  Use: Scroll            |       |       |    21 |     7 |    14 |    16 ||    58
       Potion            |       |       |       |       |       |     6 ||     6
 Stab: Sleeping          |     1 |       |       |       |       |       ||     1
       Distracted        |       |       |       |     3 |    20 |    19 ||    42
  Eat: Chunk             |     5 |     7 |    19 |    22 |    42 |    28 ||   123
       Royal jelly       |       |       |       |     2 |       |     1 ||     3
       Meat ration       |       |       |       |     1 |     3 |     4 ||     8
       Bread ration      |       |       |       |       |       |     3 ||     3
       Beef jerky        |       |       |       |       |       |     1 ||     1
Armor: Animal skin       |    21 |       |       |       |       |       ||    21
       Plate armour      |    70 |    32 |   144 |   386 |   867 |   156 ||  1655
       Chain mail        |       |       |       |       |     9 |   804 ||   813
Dodge: Dodged            |    88 |    10 |    57 |   162 |   340 |   673 ||  1330
Block: Buckler           |     2 |     8 |    52 |   235 |   233 |       ||   530
       Reflection        |       |       |       |     2 |    39 |     9 ||    50
       Shield            |       |       |       |       |   765 |  1441 ||  2206
